 Dungeon Crawl Stone Soup version 0.28-a0-1555-g9ae15a6949 (webtiles) character file.

Game seed: 17820735786082161871

28 knot the Chopper (level 3, 29/29 HPs)
             Began as a Demonspawn Berserker on Jan 19, 2022.
             Was a Follower of Trog.
             Quit the game on level 2 of the Dungeon.
             The game lasted 00:01:03 (1315 turns).

knot the Chopper (Demonspawn Berserker)             Turns: 1315, Time: 00:01:03

Health: 29/29      AC:  5    Str: 17    XL:     3   Next: 0%
Magic:  3/3        EV: 11    Int: 10    God:    Trog [*.....]
Gold:   56         SH:  0    Dex: 12    Spells: 2/2 levels left

rFire   . . .      SeeInvis .   a - +0 hand axe
rCold   . . .      Faith    .   (no shield)
rNeg    . . .      Spirit   .   i - +0 ring mail
rPois   .          Reflect  .   (no helmet)
rElec   .          Harm     .   (no cloak)
rCorr   .          Rampage  .   (no gloves)
Will    .....                   (no boots)
Stlth   +.........              (no amulet)
HPRegen 1.09/turn               (no ring)
MPRegen 0.08/turn               (no ring)

@: no status effects
A: powered by death 1, demonic magic 1
a: Renounce Religion, Berserk


You were on level 2 of the Dungeon.
You worshipped Trog.
Trog was aware of your devotion.
You visited 1 branch of the dungeon, and saw 2 of its levels.

You collected 56 gold pieces.

Inventory:

Hand Weapons
 a - a +0 hand axe (weapon)
Missiles
 d - 59 stones (quivered)
Armour
 i - a +0 ring mail (worn)
Scrolls
 c - a scroll of vulnerability {unknown}
 e - a scroll of enchant armour {unknown}
 f - 2 scrolls of teleportation {unknown}
 g - 2 scrolls of identify {unknown}
Potions
 b - a potion of mutation {unknown}
 h - a potion of heal wounds {unknown}


   Skills:
 - Level 3.0 Fighting
 * Level 3.8 Axes
 * Level 0.2 Throwing
 - Level 1.7 Armour
 - Level 1.7 Dodging


You had 2 spell levels left.
You didn't know any spells.
Your spell library was empty.

Dungeon Overview and Level Annotations

Branches:
Dungeon (2/15)

Altars:

Shops:
D:1 *


Innate Abilities, Weirdness & Mutations

You regenerate a little health from kills.
Spells you cast may paralyse adjacent enemies.


Message History

Found a hand axe.
Found a pink potion.
You closely miss the giant cockroach.
The giant cockroach waves its antennae.
The giant cockroach bites you but does no damage.
The giant cockroach barely misses you.
You hit the giant cockroach.
The giant cockroach is moderately wounded.
The giant cockroach closely misses you.
You hit the giant cockroach.
The giant cockroach is almost dead.
The giant cockroach bites you.
You hit the giant cockroach.
You kill the giant cockroach!
Trog accepts your kill.
No target in view!
You see here a +0 ring mail.
i - a +0 ring mail You start removing your armour.
You continue taking off your +0 animal skin. x4
You finish taking off your +0 animal skin.
You start putting on your armour.
You continue putting on your +0 ring mail. x5
You finish putting on your +0 ring mail.
You drop a +0 animal skin.
b - a pink potion You open the door.
A rat comes into view.
A rat is nearby!
A rat is nearby!
You hit the rat but do no damage. The rat bites you but does no damage.
You hit the rat.
You kill the rat!
Trog accepts your kill.
You have reached level 3!
Your experience leads to an increase in your attributes!
Increase (S)trength, (I)ntelligence, or (D)exterity?
You feel clever. x2; Your demonic ancestry asserts itself...
A menacing aura infuses your magic.
Are you sure you want to abandon this character and quit the game? (Confirm with "yes".)

.#.....# .#.######
...#<...#....#
#######.#....+
##......#....#
.#......#....#
.#......#...
.#.######.#########.####
................@†......
......##........###.####
.......+........###.#
......##........'...#
[.....##........#####
......##........#
......##........#
#...............#
#......†........##


There were no monsters in sight!

Vanquished Creatures
  A dart slug (D:1)
  4 ball pythons
  3 bats
  An endoplasm (D:1)
  2 giant cockroaches
  A goblin (D:1)
  3 hobgoblins
  A jackal (D:2)
  2 kobolds
  A quokka (D:1)
  A frilled lizard (D:1)
  4 rats
24 creatures vanquished.

Notes
Turn   | Place    | Note
-------+----------+-------------------------------------------
     0 | D:1      | knot the Demonspawn Berserker began the quest for the Orb.
     0 | D:1      | Reached XP level 1. HP: 18/18 MP: 1/1
   460 | D:1      | Gained mutation: You regenerate a little health from kills.
                  | [demonic ancestry]
   460 | D:1      | Reached XP level 2. HP: 23/24 MP: 2/2
   907 | D:1      | Found Juczi's Assorted Antiques.
  1315 | D:2      | Gained mutation: Spells you cast may paralyse adjacent
                  | enemies. [demonic ancestry]
  1315 | D:2      | Reached XP level 3. HP: 29/29 MP: 3/3
  1315 | D:2      | Quit the game

Illustrated notes

Levels and vault maps discovered:
D:1:      wander_arrival_abandoned_jail, layout_rooms, serial_shops,
          nicolae_shop_crystal
D:2:      layout_basic, minmay_tall_x

Skill      XL: |  1 |
---------------+----+-----
Axes           | 3 |  3.8
Fighting       | |  3.0
Throwing       | |  0.2
Armour         | |  1.7
Dodging        | |  1.7

Action                   || total
-------------------------++-------
Melee: Hand axe          ||    62
       Punch             ||     2
Throw: Stone             ||     2
Invok: Berserk           ||     1
Armor: Animal skin       ||    18
       Ring mail         ||     1
Dodge: Dodged            ||    46

Table legend: (Time is in decaauts)
 A = Elapsed time spent in this place.
 B = Non-inter-level travel time spent in this place.
 C = Inter-level travel time spent in this place.
 D = Time resting spent in this place.
 E = Time spent auto-exploring this place.
 F = Levels seen in this place.
 G = Mean time per level.
                   A        B        C        D        E       F      G
               +--------+--------+--------+--------+--------+-----+--------+
         Total |   1336 |   1307 |     29 |    351 |    796 |   2 |  668.0 |
       Dungeon |   1336 |   1307 |     29 |    351 |    796 |   2 |  668.0 |
               +--------+--------+--------+--------+--------+-----+--------+

Top non-repeatable levels by time:
     D:1: 1104 daAuts
     D:2: 231 daAuts
